 Dungeon Sprint DCSS version 0.30-a0-465-g8901f6c8b5 (webtiles) character file.

Game seed: 2546744926420751357

0 NinjaNoafa the Shooter (level 1, -23/16 HPs)
             Began as a Formicid Hunter on Dec 18, 2022.
             Killed by an exploding shadow imp (34 damage)
             ... ignited by their inner flame
             ... in the Dungeon (Sprint VI: "Thunderdome").
             The game lasted 00:00:52 (38 turns).

NinjaNoafa the Shooter (Formicid Hunter)              Turns: 38, Time: 00:00:52

Health: -23/16     AC:  3    Str: 15    XL:     1   Next: 0%
Magic:  1/1        EV: 12    Int:  8    God:
Gold:   200        SH:  0    Dex: 17    Spells: 0/0 levels left

rFire   . . .      SeeInvis +    a - +0 shortbow
rCold   . . .      Faith    .    (no shield)
rNeg    . . .      Spirit   .    c - +0 leather armour
rPois   .          Reflect  .    (helmet unavailable)
rElec   .          Harm     .    (no cloak)
rCorr   .          Rampage  .    (no gloves)
Will    .....                    (no boots)
Stlth   ++........               (no amulet)
HPRegen 0.22/turn                (no ring)
MPRegen 0.07/turn                (no ring)

@: no status effects
A: permanent stasis, dig shafts and tunnels, antennae 3, four strong arms
a: Dig


You were in the Dungeon.
You visited 1 branch You collected 200 gold pieces.

Inventory:

Hand Weapons
 a - a +0 shortbow (weapon)
Armour
 c - a +0 leather armour (worn)
Wands
 h - a wand of light (4)
 i - a wand of iceblast (2)
Scrolls
 k - 3 scrolls of fog
 l - 2 scrolls of blinking
Potions
 d - a potion of curing
 e - a potion of heal wounds
 f - 2 potions of magic
 g - a potion of resistance
 j - 2 potions of haste


   Skills:
 + Level 2.1 Fighting
 + Level 4.0 Ranged Weapons
 + Level 1.7 Dodging
 + Level 1.2 Stealth


You couldn't memorise any spells.
You didn't know any spells.
Your spell library was empty.

Dungeon Overview and Level Annotations

Branches:
Dungeon (1/1)

Altars:
Gozag
Qazlal
Ru
Trog
Vehumet
The Shining One
Lugonu

Shops:
D **[(

Annotations:
D Grinder


Innate Abilities, Weirdness & Mutations

You cannot be hasted, slowed, berserked, paralysed or teleported.
You can dig through walls and to a lower floor.
You have a pair of large antennae on your head. (SInv)
Your four strong arms can wield two-handed weapons with a shield.


Message History

As you read the scroll of immolation, it crumbles to dust.
The creatures around you are filled with an inner flame!
Grinder is no longer blind.
Grinder gestures at you. Pain shoots through your body!
Fire: a) +0 shortbow
Press: ? - help, Q - select action, (/) - cycle Shift-Dir - straight line, f/p - Grinder
Aim: Grinder (moderately wounded, inner flame, 60% to hit)
You shoot an arrow. The arrow hits Grinder.
Flame seeps out of Grinder.
Grinder is heavily wounded.
Grinder is engulfed in blazing flames.
Flame seeps out of Grinder.
You feel much better. The shadow imp hits you. Grinder completely misses you.
That's the wrong kind of item! (Use * to select it.) Evoke which item? (* to show all) (? for menu, Esc to quit)
Okay, then.
Aiming: Iceblast
Press: ? - help, Shift-Dir - straight line, p - Grinder The mass of ice explodes!
The shadow imp puffs mist at you.
The shadow imp hits you but does no damage.
Grinder barely misses you.
Aiming: Iceblast
Press: ? - help, Shift-Dir - straight line The mass of ice explodes!
The iceblast engulfs the shadow imp.
The shadow imp partially resists.
Flame seeps out of the shadow imp.
The shadow imp is moderately wounded.
The shadow imp is engulfed in blazing flames.
Flame seeps out of the shadow imp.
The shadow imp gestures at you. Pain shoots through your body!
Grinder gestures at you.
Your stasis prevents you from being paralysed.
Aiming: Iceblast
Press: ? - help, Shift-Dir - straight line The mass of ice explodes!
The iceblast engulfs the shadow imp!
The shadow imp partially resists.
The shadow imp explodes!
The fiery explosion engulfs you!!
Ouch! That really hurt!
You die...

..###.. .... #...#
..... ....... #.<.#
.....
.......###...###.....
..........###........
......8.# #.8......
_......###......._
#.8...§§§...8.###
#⌠....§○@....⌠#
###....5§...###
#_......._#
#_........#
#_......._#
#∩.......∩#
##∩.....∩## ##.....##
##⌠⌠⌠##


You could see Grinder (inner flame).

Vanquished Creatures
  A shadow imp (D)
1 creature vanquished.

Notes
Turn   | Place    | Note
-------+----------+-------------------------------------------
     0 | D        | NinjaNoafa the Formicid Hunter began the quest for the Orb.
     0 | D        | Reached XP level 1. HP: 16/16 MP: 1/1
     1 | D        | Found a bloodstained altar of Trog.
     2 | D        | Found a sacrificial altar of Ru.
     3 | D        | Found a corrupted altar of Lugonu.
     3 | D        | Found a stormy altar of Qazlal.
     4 | D        | Found a radiant altar of Vehumet.
     4 | D        | Found an opulent altar of Gozag.
     4 | D        | Found Fasammie's Weapon Rack.
     4 | D        | Found Mozu Turghuuj's Premium Goods.
     5 | D        | Found Affuacselust's Basic Armour.
     5 | D        | Found Borihate's Miscellaneous Merchandise.
     5 | D        | Round 1.
    16 | D        | Noticed Grinder
    17 | D        | Found a glowing golden altar of the Shining One.
    38 | D        | Killed by an exploding shadow imp... ignited by their inner
                  | flame

Illustrated notes

Levels and vault maps discovered:
D:        arena_sprint

Action                   || total
-------------------------++-------
 Fire: Shortbow          ||     3
 Abil: Dig               ||     1
Evoke: Wand              ||     4
  Use: Potion            ||     4
       Scroll            ||     2
Armor: Leather armour    ||     1
Dodge: Dodged            ||     7

Table legend: (Time is in decaauts)
 A = Elapsed time spent in this place.
 B = Non-inter-level travel time spent in this place.
 C = Inter-level travel time spent in this place.
 D = Time resting spent in this place.
 E = Time spent auto-exploring this place.
 F = Levels seen in this place.
 G = Mean time per level.
                   A        B        C        D        E       F      G
               +--------+--------+--------+--------+--------+-----+--------+
         Total |     39 |     39 |      0 |      0 |      1 |   1 |   39.0 |
       Dungeon |     39 |     39 |      0 |      0 |      1 |   1 |   39.0 |
               +--------+--------+--------+--------+--------+-----+--------+

Top non-repeatable levels by time:
       D: 39 daAuts
